 Dungeon Crawl Stone Soup version 0.32-a0-42-ga30500b4d3 (webtiles) character file.

Game seed: 16736332697902986660

47 Ceno the Grasshopper (level 3, -1/29 HPs)
             Began as an Armataur Warper on Feb 2, 2024.
             Slain by an endoplasm (3 damage)
             ... on level 2 of the Dungeon.
             The game lasted 00:05:06 (978 turns).

Ceno the Grasshopper (Armataur Warper)               Turns: 978, Time: 00:05:06

Health: -1/29      AC:  4    Str: 18    XL:     3   Next: 48%
Magic:  5/5        EV:  9    Int: 13    God:
Gold:   93         SH:  0    Dex:  9    Spells: 3/5 levels left

rFire   . . .        a - +0 mace
rCold   . . .        (no shield)
rNeg    . . .        b - +0 leather armour
rPois   .            (no helmet)
rElec   .            (no cloak)
rCorr   .            (no gloves)
SInv    .            (no barding)
Will    .....        (no amulet)
Stlth   +            (no ring)
HPRegen 0.24/turn    (no ring)
MPRegen 0.42/turn

%: roll
@: lethally poisoned (-1 -> -8)
A: large, deformed body, tough skin 3, armoured tail, roll 1
a: no special abilities


You were on level 2 of the Dungeon.
You visited 1 branch of the dungeon, and saw 2 of its levels.

You collected 93 gold pieces.

Inventory:

Hand Weapons
 a - a +0 mace (weapon)
Missiles
 d - 7 darts of dispersal
 e - 18 stones (quivered)
Armour
 b - a +0 leather armour (worn)
Scrolls
 c - 2 scrolls of blinking
 f - a scroll of teleportation {unknown}
 g - 2 scrolls of identify
Potions
 h - a potion of mutation
 i - 2 potions of invisibility {unknown}


   Skills:
 + Level 2.3 Fighting
 * Level 2.7 Maces & Flails
 - Level 1.0 Throwing
 - Level 1.2 Armour
 - Level 1.3 Dodging
 - Level 1.7 Spellcasting
 + Level 3.4 Translocations


You had 3 spell levels left.
You knew the following spells:

 Your Spells              Type           Power      Damage    Failure   Level
a - Blink                 Tloc           20%        N/A       11%         2

Your spell library contained the following spells:

 Spells                   Type           Power      Damage    Failure   Level
 Lesser Beckoning         Tloc           20%        N/A       11%         2
 Teleport Other           Tloc           10%        N/A       22%         3
 Manifold Assault         Tloc           10%        N/A       58%         4
 Vhi's Electric Charge    Tloc/Air       10%        N/A       83%         4


Dungeon Overview and Level Annotations

Branches:
Dungeon (2/15)

Altars:

Shops:
D:2 ?=


Innate Abilities, Weirdness & Mutations

Armour fits poorly on your strangely shaped body.
You have extremely tough skin. (AC +3)
You have a long armoured tail.
You regenerate magic when rolling toward enemies. (Rampage MPRegen)


Message History

You are frozen.
You barely miss the endoplasm. The endoplasm barely misses you. x2
You hit the endoplasm.
The endoplasm is almost dead.
The adder bites you.
You are poisoned.
The adder poisons you! The endoplasm freezes you.
You are frozen.
You hit the adder but do no damage.
You feel sick. The adder barely misses you.
The endoplasm hits you but does no damage.
The adder completely misses you.
You closely miss the adder.
You feel sick.
The endoplasm hits you but does no damage.
The adder barely misses you. The endoplasm closely misses you.
You barely miss the adder.
You feel sick. The adder bites you. x2
You are more poisoned.
The adder poisons you!
The endoplasm hits you but does no damage.
You barely miss the adder.
You feel sick. The adder bites you but does no damage.
The endoplasm hits you but does no damage.
The adder bites you.
You are more poisoned.
The adder poisons you!
You hit the adder.
The adder is moderately wounded.
You feel very sick. The endoplasm barely misses you. The adder bites you.
* * * LOW HITPOINT WARNING * * *
You hit the adder but do no damage.
The adder is moderately wounded.
* * * LOW HITPOINT WARNING * * *
You feel sick. The adder bites you.
* * * LOW HITPOINT WARNING * * *
The endoplasm freezes you.
You are frozen.
* * * LOW HITPOINT WARNING * * *
The adder closely misses you. The endoplasm hits you.
You die...

#.#######......#......#
#.## ######....#......#
#..###.........#......#
##.#...#####...########
...............# ?..#
##..#..........# ...#
##.#.......#### ...##
#.#......#######....##
###........#...S@J.##..#
.............#####.##..##
###........### .....##
#.#......# >...∩..
...#......# ..##...
....#......# #.##..#
##...####### .....# ..
.....# ...


You could see an adder and an endoplasm.

Vanquished Creatures
  A gnoll (D:1)
  A dart slug (D:1)
  3 bats (D:1)
  2 endoplasms (D:1)
  A giant cockroach (D:1)
  6 goblins (D:1)
  A hobgoblin (D:1)
  5 kobolds
  A quokka (D:1)
  7 ball pythons
  2 frilled lizards
  5 rats
35 creatures vanquished.

Notes
Turn   | Place    | Note
-------+----------+-------------------------------------------
     0 | D:1      | Ceno the Armataur Warper began the quest for the Orb.
     0 | D:1      | Reached XP level 1. HP: 17/17 MP: 3/3
    25 | D:1      | Reached skill level 1 in Throwing
    75 | D:1      | Reached XP level 2. HP: 24/24 MP: 4/4
   432 | D:1      | Reached XP level 3. HP: 20/29 MP: 5/5
   471 | D:1      | Learned a level 2 spell: Blink
   708 | D:2      | Found Kuenuaguch's Magic Scroll Boutique.
   950 | D:2      | Found Noimyzix's Jewellery Shoppe.
   978 | D:2      | Slain by an endoplasm

Illustrated notes

Levels and vault maps discovered:
D:1:      spicycebolla_arrival_transporter_tutorial, layout_rooms,
          minmay_misc_feat_plants
D:2:      layout_rooms, serial_shops, nicolae_shop_crystal, shop,
          nicolae_square_shop

Skill      XL: |  1 |
---------------+----+-----
Throwing       | 1 |  1.0
Fighting       | 2 |  2.3
Maces & Flails | 2 |  2.7
Armour         | |  1.2
Dodging        | |  1.3
Spellcasting   | |  1.7
Translocations | |  3.4

Action                     || total
---------------------------++-------
  Melee: Mace              ||    87
         Tailslap          ||     7
  Throw: Stone             ||     1
    Use: Scroll            ||     1
 Armour: Leather armour    ||    61
  Dodge: Dodged            ||    36

Table legend: (Time is in decaauts)
 A = Elapsed time spent in this place.
 B = Non-inter-level travel time spent in this place.
 C = Inter-level travel time spent in this place.
 D = Time resting spent in this place.
 E = Time spent auto-exploring this place.
 F = Levels seen in this place.
 G = Mean time per level.
                   A        B        C        D        E       F      G
               +--------+--------+--------+--------+--------+-----+--------+
         Total |   1002 |    961 |     41 |     92 |    372 |   2 |  501.0 |
       Dungeon |   1002 |    961 |     41 |     92 |    372 |   2 |  501.0 |
               +--------+--------+--------+--------+--------+-----+--------+

Top non-repeatable levels by time:
     D:1: 755 daAuts
     D:2: 247 daAuts
